AoeStats
← ssnekm

Hideout

509616003Analyzed
1v1 RM · 5d ago on Sep 27, 2026· 50m 56s· 2 players
Game mode
Random Map
Map size
Tiny (2 player)
Population
200
Speed
Normal
Resources
Standard
Victory
Conquest
Starting age
Dark Age
Ending age
Imperial Age
RankedLock teamsTeams togetherTeam positionsShared explorationLock speedFull tech treeHidden civsTurbo modeCheats
Victory
Defeat
🇮🇳 Malay · India
1488
+15
🇩🇪 Poles · Germany
1463
-15
CraB
8:53 Feudal Age
9:18 Double-Bit Axe
9:15 Horse Collar
11:40 Loom
15:57 Castle Age
14:14 Stone Mining
15:13 Town Watch
22:25 Wheelbarrow
22:03 Heavy Plow
24:16 Hand Cart
25:08 Fletching
28:59 Imperial Age
26:52 Scale Barding Armor
27:26 Bloodlines
27:28 Forging
27:56 Chain Barding Armor
28:35 Szlachta Privileges
29:12 Iron Casting
29:26 Husbandry
29:10 Cavalier
30:17 Gold Mining
32:50 Blast Furnace
32:08 Bodkin Arrow
31:48 Light Cavalry
31:55 Crossbowman
33:53 Conscription
33:15 Arbalester
35:13 Chemistry
34:55 Bracer
35:19 Ballistics
36:06 Thumb Ring
37:42 Padded Archer Armor
37:22 Winged Hussar
48:26 Lechitic Legacy
ssnekm
8:26 Feudal Age
8:03 Double-Bit Axe
16:05 Castle Age
16:40 Bow Saw
21:36 Wheelbarrow
21:26 Town Watch
21:27 Loom
22:29 Stone Mining
22:30 Gold Mining
28:36 Imperial Age
26:22 Hand Cart
25:50 Pikeman
26:30 Squires
26:20 Horse Collar
27:59 Fletching
29:12 Chemistry
28:32 Ballistics
28:36 Conscription
28:25 Heavy Plow
28:25 Crossbowman
29:09 Halberdier
30:13 Bodkin Arrow
30:33 Forging
31:17 Crop Rotation
31:58 Thumb Ring
31:42 Arbalester
33:00 Thumb Ring
33:02 Arson
34:19 Bracer
34:44 Siege Engineers
36:15 Iron Casting
35:44 Padded Archer Armor
35:50 Scale Barding Armor
36:56 Leather Archer Armor
38:54 Ring Archer Armor
39:26 Blast Furnace
41:05 Masonry
41:06 Elite Battle Elephant
41:46 Husbandry
49:16 Treadmill Crane
Connection lost

Rejoining the realm…

Still unreachable

The connection could not be restored.

Session expired

The server has moved on; the page needs a fresh start.